 Dungeon Sprint DCSS version 0.26.1-11-gd32895ea62 (webtiles) character file.

Game seed: 3487483055176963837

430 Zeld the Geomancer (level 6, 0/32 HPs)
             Began as a Gargoyle Earth Elementalist on June 6, 2021.
             Was an Initiate of Sif Muna.
             Slain by a slime creature (11 damage)
             ... in the Dungeon (Sprint I: "Red Sonja").
             The game lasted 00:01:14 (1381 turns).

Zeld the Geomancer (Gargoyle Earth Elementalist)    Turns: 1381, Time: 00:01:15

Health: 0/32       AC:  6    Str: 12    XL:     6   Next: 99%
Magic:  3/15       EV: 14    Int: 17    God:    Sif Muna [......]
Gold:   225        SH:  0    Dex: 10    Spells: 3/18 levels left

rFire    + . .     SeeInvis .   h - +2 quarterstaff of Peace {vorpal, rF+ rC+ rN+ Stlth+}
rCold    + . .     Faith    .   (shield currently unavailable)
rNeg     + + .     Spirit   .   c - +0 robe
rPois    ∞         Reflect  .   (no helmet)
rElec    +         Harm     .   (no cloak)
rCorr    .         Rampage  .   (no gloves)
Will     .....     NoTele   +   (no boots)
Stlth    +++.......             (no amulet)
HPRegen  0.10/turn              (no ring)
MPRegen  0.14/turn              (no ring)

@: no status effects
A: negative energy resistance 1, electricity resistance, unbreathing,
petrification resistance, miasma immunity, AC +4
a: Renounce Religion


You were in the Dungeon.
You worshipped Sif Muna.
Sif Muna was noncommittal.
You visited 1 branch You collected 369 gold pieces.
You spent 144 gold pieces at shops.

Inventory:

Hand Weapons
 h - the +2 quarterstaff of Peace (weapon) {vorpal, rF+ rC+ rN+ Stlth+}
   (You bought it in a shop in the Dungeon)

   It inflicts extra damage upon your enemies.
   It protects you from fire.
   It protects you from cold.
   It protects you from negative energy.
   It makes you more stealthy.
Missiles
 b - 29 stones
Armour
 c - a +0 robe (worn)
Wands
 a - a wand of digging (6)
Scrolls
 i - a scroll of blinking
Potions
 d - a potion of curing
 e - a potion of heal wounds
 f - a potion of haste
 g - 2 potions of magic


   Skills:
 + Level 6.2 Dodging
 - Level 2.1 Stealth
 + Level 6.8 Spellcasting
 - Level 0.7 Transmutations
 * Level 12.3 Earth Magic


You had 3 spell levels left.
You knew the following spells:

 Your Spells              Type           Power        Failure   Level
a - Sandblast             Erth           94%          1%          1
b - Passwall              Tmut/Erth      23%          1%          2
c - Stone Arrow           Conj/Erth      52%          2%          3
d - Petrify               Tmut/Erth      28%          8%          4
e - Lee's Rapid Deconstr  Erth           23%          1%          5

Your spell library contained the following spells:

 Spells                   Type           Power        Failure   Level


Dungeon Overview and Level Annotations

Branches:
Dungeon (1/1)

Altars:
Cheibriados
Dithmenos
Elyvilon
Fedhas
Gozag
Hepliaklqana
Kikubaaqudgha
Makhleb
Nemelex Xobeh
Okawaru
Qazlal
Ru
Sif Muna
Trog
Uskayaw
Vehumet
Wu Jian
Xom
Yredelemnul
Zin
The Shining One
Jiyva
Lugonu

Shops:
D (

Annotations:
D Sonja


Innate Abilities, Weirdness & Mutations

You are resistant to torment.
Your stone body is resilient. (AC +4)
You are immune to poison.
You resist negative energy. (rN+)
You are resistant to electric shocks. (rElec)
You can survive without breathing.
You are immune to petrification.
You are immune to miasma.


Message History

The slime creature hits you!
Unknown command.
Unknown command.
Casting: Stone Arrow (dangerous; 2% risk of failure)
Confirm with . or Enter, or press ? or * to list all spells.
Aiming: Stone Arrow (dangerous; 2% risk of failure)
Press: ? - help, Shift-Dir - straight line, f/p - slime creature
Aim: a slime creature (heavily wounded, 6% to evade)
The stone arrow hits the slime creature!
The slime creature is severely wounded.
The slime creature hits you!
Casting: Stone Arrow (dangerous; 2% risk of failure)
Confirm with . or Enter, or press ? or * to list all spells.
Aiming: Stone Arrow (dangerous; 2% risk of failure)
Press: ? - help, Shift-Dir - straight line, f/p - slime creature
Aim: a slime creature (severely wounded, 6% to evade)
The stone arrow hits the slime creature!
The slime creature is almost dead.
The slime creature hits you!
You die...

###################
#<.#.)'..#..@J.#__#
#..'..#..').#..'^.+
#.)#####'#####'#__#
#..####..#...#(# ##
#..#__####..##.#
#..#_____##'#_.+
#⌠⌠#_.∩...'.†._#
####_..__##_.#'#
#..#_____###+#.#


You could see a slime creature.

Vanquished Creatures
  Sigmund (D)
  A yak (D)
  An ogre (D)
  A jelly (D)
  Ijyb (D)
5 creatures vanquished.

Vanquished Creatures (others)
  A hornet (D)
1 creature vanquished.

Grand Total: 6 creatures vanquished

Notes
Turn   | Place    | Note
-------+----------+-------------------------------------------
     0 | D        | Zeld the Gargoyle Earth Elementalist began the quest for
                  | the Orb.
     0 | D        | Reached XP level 1. HP: 10/10 MP: 3/3
     3 | D        | Noticed Ijyb
    19 | D        | Killed Ijyb
    20 | D        | Reached skill level 6 in Earth Magic
    20 | D        | Reached XP level 2. HP: 11/15 MP: 0/6
    20 | D        | Reached XP level 3. HP: 14/19 MP: 0/7
   267 | D        | Learned a level 2 spell: Passwall
   271 | D        | Learned a level 3 spell: Stone Arrow
   684 | D        | Noticed an ogre
   689 | D        | Killed an ogre
   690 | D        | Reached skill level 8 in Earth Magic
   690 | D        | Reached XP level 4. HP: 24/24 MP: 2/10
   695 | D        | Learned a level 4 spell: Petrify
   854 | D        | Noticed Sigmund
   859 | D        | Killed Sigmund
   860 | D        | Reached skill level 5 in Dodging
   860 | D        | Reached skill level 5 in Spellcasting
   860 | D        | Reached skill level 10 in Earth Magic
   860 | D        | Reached XP level 5. HP: 15/28 MP: 8/13
   860 | D        | Reached XP level 6. HP: 17/32 MP: 8/14
   866 | D        | Learned a level 5 spell: Lee's Rapid Deconstruction
  1013 | D        | Found an ornate altar of the Wu Jian Council.
  1013 | D        | Found a shimmering blue altar of Sif Muna.
  1015 | D        | Found a radiant altar of Vehumet.
  1020 | D        | Became a worshipper of Sif Muna the Loreminder
  1022 | D        | Reached skill level 11 in Earth Magic
  1151 | D        | Found Bylec's Antique Weapon Emporium.
  1151 | D        | Found an ancient bone altar of Kikubaaqudgha.
  1151 | D        | Found a hazy altar of Hepliaklqana.
  1151 | D        | Found a stormy altar of Qazlal.
  1151 | D        | Found a hide-covered altar of Uskayaw.
  1151 | D        | Found a blossoming altar of Fedhas.
  1151 | D        | Found a bloodstained altar of Trog.
  1151 | D        | Found an iron altar of Okawaru.
  1151 | D        | Found a basalt altar of Yredelemnul.
  1151 | D        | Found a glowing golden altar of the Shining One.
  1151 | D        | Found a snail-covered altar of Cheibriados.
  1151 | D        | Found a sacrificial altar of Ru.
  1151 | D        | Found a glowing silver altar of Zin.
  1151 | D        | Found a shadowy altar of Dithmenos.
  1151 | D        | Found a white marble altar of Elyvilon.
  1151 | D        | Noticed a yak
  1157 | D        | Killed a yak
  1158 | D        | Reached skill level 12 in Earth Magic
  1204 | D        | Killed a hornet
  1216 | D        | Found an opulent altar of Gozag.
  1217 | D        | Found a sparkling altar of Nemelex Xobeh.
  1258 | D        | Bought a bloodstained quarterstaff for 144 gold pieces
  1258 | D        | Identified the +2 quarterstaff of Peace {vorpal, rF+ rC+
                  | rN+ Stlth+} (You bought it in a shop in the Dungeon)
  1367 | D        | Noticed Sonja
  1374 | D        | Found a viscous altar of Jiyva.
  1374 | D        | Found a corrupted altar of Lugonu.
  1374 | D        | Noticed a slime creature
  1376 | D        | Found a burning altar of Makhleb.
  1376 | D        | Found a shimmering altar of Xom.
  1381 | D        | Slain by a slime creature

Illustrated notes

Levels and vault maps discovered:
D:        dungeon_sprint_1 [red_sonja_temple_1, red_sonja_temple_small_1]

Skill      XL: |  1  2  3  4  5  6 |
---------------+-------------------+-----
Dodging        | 2 4 5 6 |  6.2
Spellcasting   | 3 4 5 6 |  6.8
Earth Magic    | 6 8 10 12 | 12.3
Stealth        | |  2.1
Transmutations | |  0.7

Action                   |  1- 3 |  4- 6 || total
-------------------------+-------+-------++-------
Melee: Unarmed           |    11 |       ||    11
 Cast: Sandblast         |     8 |     9 ||    17
       Passwall          |     2 |       ||     2
       Stone Arrow       |       |     4 ||     4
  Use: Potion            |     1 |       ||     1
Armor: Robe              |     1 |     1 ||     2
Dodge: Dodged            |     5 |     4 ||     9
